 Dungeon Crawl Stone Soup version 0.27-a0-760-gc38aae387d (webtiles) character file.

Game seed: 6037369678987033572

72 polve the Skirmisher (level 4, -1/35 HPs)
             Began as a Demonspawn Abyssal Knight on Mar 25, 2021.
             Was a Believer of Lugonu.
             Slain by Grinder (7 damage)
             ... on level 3 of the Dungeon.
             The game lasted 00:02:16 (2645 turns).

polve the Skirmisher (Demonspawn Abyssal Knight)    Turns: 2645, Time: 00:02:16

Health: -1/35      AC:  6    Str:  9 (12) XL:     4   Next: 7%
Magic:  5/5        EV:  8    Int: 13 (15) God:    Lugonu [**....]
Gold:   100        SH:  0    Dex:  9 (12) Spells: 3/3 levels left

rFire    . . .     SeeInvis .   h - +2 dagger (elec)
rCold    . . .     Faith    .   (no shield)
rNeg     . . .     Spirit   .   k - +0 scale mail
rPois    .         Reflect  .   (helmet restricted)
rElec    .         Harm     .   (no cloak)
rCorr    .         Rampage  .   (no gloves)
Will     .....                  (no boots)
Stlth    ..........             (no amulet)
HPRegen  0.11/turn              (no ring)
MPRegen  0.09/turn              (no ring)

@: no status effects
A: antennae 2, ignite blood 1
a: Renounce Religion, Depart the Abyss, Bend Space


You were on level 3 of the Dungeon.
You worshipped Lugonu.
Lugonu was pleased with you.
You visited 1 branch of the dungeon, and saw 3 of its levels.
You visited the Abyss 1 time.

You collected 100 gold pieces.

Inventory:

Hand Weapons
 a - a +1 falchion
 h - a +2 dagger of electrocution (weapon)
Armour
 k - a +0 scale mail (worn)
Scrolls
 b - a scroll of enchant weapon {unknown}
 d - 2 scrolls of noise {unknown}
 e - a scroll of enchant armour {unknown}
 f - a scroll of magic mapping {unknown}
 i - a scroll of identify {unknown}
 j - a scroll of amnesia {unknown}
 m - a scroll of fog {unknown}
 o - a scroll of torment {unknown}
Potions
 c - 2 potions of brilliance {unknown}
 g - a potion of curing {unknown}
 l - a potion of degeneration
 n - a potion of attraction {unknown}


   Skills:
 + Level 3.4 Fighting
 - Level 3.2 Long Blades
 + Level 2.3 Armour
 - Level 0.8 Dodging
 - Level 2.4 Invocations


You had 3 spell levels left.
You didn't know any spells.
Your spell library was empty.

Dungeon Overview and Level Annotations

Branches:
Dungeon (3/15)

Altars:
Trog

Annotations:
D:3 Grinder


Innate Abilities, Weirdness & Mutations

You have a pair of antennae on your head.
Your demonic aura sometimes causes spilled blood to erupt in flames


Message History

You see here a jackal corpse.
You see here a jackal corpse.
There is a stone staircase leading up here.
There is a stone staircase leading up here.
You see here a jackal corpse.
You see here a jackal corpse.
You hear the slow rusting of a distant drain.
Found a stone staircase leading up.
There is a stone staircase leading up here.
You now have 100 gold pieces (gained 11).
You hear the slow rusting of a very distant drain.
Grinder comes into view.
Grinder shouts!
Grinder gestures at you. You resist with significant effort.
An ufetubus comes into view.
The ufetubus shouts!
You barely miss Grinder. Grinder hits you.
You writhe in agony.
You closely miss Grinder. You hit Grinder but do no damage. Grinder hits you.
You writhe in agony.
You hit Grinder.
Grinder is lightly wounded.
Grinder barely misses you.
You hit Grinder.
Grinder is lightly wounded.
Grinder hits you.
You writhe in agony.
You hit Grinder. Lightning courses through Grinder!
Grinder is severely wounded.
Grinder barely misses you.
An endoplasm comes into view.
You barely miss Grinder.
Grinder is severely wounded.
Grinder gestures at you. Pain shoots through your body!
* * * LOW HITPOINT WARNING * * *
It was a potion of degeneration.
There was something very wrong with that liquid.
You feel weakened.
You feel dopey.
You feel clumsy. Grinder hits you!
You die...

.#........##..
.####..#####.#
##..#..# #...###
...##..###.....#
#.###...##.....# #.#
#...##.....# #.#
#.#........## # ..#
#..<##..##..####....
.##
###..#..###.@55.....
.## ##....#
########J. <.##
##...# ...# #...#
#..# #...# ####
##..# ##.####
#.....# #.....#


You could see Grinder, an ufetubus and an endoplasm.

Vanquished Creatures
  An adder (D:2)
  3 bats
  2 endoplasms
  5 goblins
  9 hobgoblins
  17 jackals
  3 kobolds
  2 quokkas (D:2)
  5 ball pythons
  3 frilled lizards
  2 rats (D:2)
52 creatures vanquished.

Notes
Turn   | Place    | Note
-------+----------+-------------------------------------------
     0 | Abyss:1  | polve the Demonspawn Abyssal Knight began the quest for the
                  | Orb.
     0 | Abyss:1  | Reached XP level 1. HP: 18/18 MP: 2/2
    37 | Abyss:1  | Found a corrupted altar of Lugonu.
   168 | Abyss:1  | Noticed a tentacled starspawn
   169 | D:1      | Escaped the Abyss
   263 | D:1      | Reached * piety under Lugonu
   598 | D:1      | Gained mutation: Your demonic aura sometimes causes spilled
                  | blood to erupt in flames [demonic ancestry]
   598 | D:1      | Reached XP level 2. HP: 24/24 MP: 3/3
  1157 | D:1      | Gained mutation: You have a pair of small antennae on your
                  | head. [demonic ancestry]
  1157 | D:1      | Reached XP level 3. HP: 28/29 MP: 4/4
  1677 | D:2      | Found a bloodstained altar of Trog.
  2040 | D:2      | Reached ** piety under Lugonu
  2237 | D:2      | Gained mutation: You have a pair of antennae on your head.
                  | [demonic ancestry]
  2237 | D:2      | Reached XP level 4. HP: 35/35 MP: 5/5
  2635 | D:3      | Noticed Grinder
  2645 | D:3      | Slain by Grinder

Illustrated notes

Levels and vault maps discovered:
D:1:      minmay_arrival_glassed_features, layout_basic
D:2:      layout_loops_ring, lemuel_doored_altar, minmay_nonomino_d4
D:3:      layout_rooms, zin_academy, fedhas_altar_fruit_tree,
          gup_sewer_entry_bubbles, hex_tiny, minmay_misc_feat_ornament,
          bh_walls_and_bars, uniq_grinder

Skill      XL: |  1  2  3 |
---------------+----------+-----
Long Blades    | 2 3 |  3.2
Armour         | 2 |  2.3
Fighting       | |  3.4
Dodging        | |  0.8
Invocations    | |  2.4

Action                   |  1- 3 |  4- 6 || total
-------------------------+-------+-------++-------
Melee: Falchion          |    55 |       ||    55
       Dagger            |    52 |    25 ||    77
Invok: Depart the Abyss  |     1 |       ||     1
  Use: Potion            |       |     1 ||     1
Armor: Leather armour    |    21 |       ||    21
       Scale mail        |    19 |     8 ||    27
Dodge: Dodged            |    63 |    12 ||    75
       Rpst.: Falchion   |    11 |       ||    11

Table legend: (Time is in decaauts)
 A = Elapsed time spent in this place.
 B = Non-inter-level travel time spent in this place.
 C = Inter-level travel time spent in this place.
 D = Time resting spent in this place.
 E = Time spent auto-exploring this place.
 F = Levels seen in this place.
 G = Mean time per level.
                   A        B        C        D        E       F      G
               +--------+--------+--------+--------+--------+-----+--------+
         Total |   2645 |   2596 |     49 |      0 |   2322 |   4 |  661.2 |
       Dungeon |   2476 |   2427 |     49 |      0 |   2154 |   3 |  825.3 |
         Abyss |    169 |    169 |      0 |      0 |    168 |   1 |  169.0 |
               +--------+--------+--------+--------+--------+-----+--------+

Top non-repeatable levels by time:
     D:1: 1279 daAuts
     D:2: 1029 daAuts
 Abyss:1: 169 daAuts
     D:3: 168 daAuts
